 Dungeon Crawl Stone Soup version 0.29-a0-1008-g949cc1d0fb (webtiles) character file.

Game seed: 16351559663521609483

55 RevDB the Conjurer (level 3, 0/29 HPs)
             Began as a Draconian Conjurer on Aug 7, 2022.
             Succumbed to a gnoll's poison
             ... on level 2 of the Dungeon.
             The game lasted 00:03:38 (432 turns).

RevDB the Conjurer (Draconian Conjurer)              Turns: 432, Time: 00:03:38

Health: 0/29       AC:  6    Str:  9    XL:     3   Next: 67%
Magic:  2/6        EV: 12    Int: 20    God:
Gold:   32         SH:  0    Dex:  9    Spells: 3/6 levels left

rFire   . . .      SeeInvis .   f - +4 quarterstaff
rCold   . . .      Faith    .   (shield currently unavailable)
rNeg    . . .      Spirit   .   (body armour unavailable)
rPois   .          Reflect  .   (helmet restricted)
rElec   .          Harm     .   (no cloak)
rCorr   .          Rampage  .   e - +0 pair of gloves
Will    .....                   (no boots)
Stlth   ++........              b - amulet of regeneration
HPRegen 0.89/turn               (no ring)
MPRegen 0.10/turn               (no ring)

@: lethally poisoned (0 -> -11)
A: AC +5, unfitting armour, cold-blooded
a: no special abilities


You were on level 2 of the Dungeon.
You visited 1 branch of the dungeon, and saw 2 of its levels.

You collected 32 gold pieces.

Inventory:

Hand Weapons
 d - a +0 dagger
 f - a +4 quarterstaff (weapon)
Armour
 e - a +0 pair of gloves (worn)
Jewellery
 b - an amulet of regeneration (around neck)
Scrolls
 c - a scroll of amnesia {unknown}
Potions
 a - a potion of magic
 g - a potion of lignification {unknown}
 h - a potion of ambrosia {unknown}


   Skills:
 + Level 1.8 Fighting
 + Level 1.6 Staves
 - Level 1.7 Dodging
 - Level 1.7 Stealth
 - Level 2.0 Spellcasting
 - Level 4.6 Conjurations


You had 3 spell levels left.
You knew the following spells:

 Your Spells              Type           Power      Damage    Failure   Level
a - Magic Dart            Conj           80%        1d7       2%          1
b - Searing Ray           Conj           40%        2d5       3%          2

Your spell library contained the following spells:

 Spells                   Type           Power      Damage    Failure   Level
 Dazzling Flash           Conj/Hex       22%        N/A       19%         3
 Fulminant Prism          Conj/Hex       5%         3d7       52%         4
 Iskenderun's Mystic Bla  Conj/Tloc      11%        2d4       52%         4


Dungeon Overview and Level Annotations

Branches:
Dungeon (2/15)

Altars:
Trog


Innate Abilities, Weirdness & Mutations

Your plain brown scales are hard. (AC +5)
You cannot fit into any form of body armour.
You are cold-blooded and may be slowed by cold attacks.


Message History

The gnoll is lightly wounded.
The gnoll closely misses you.
A gnoll comes into view. It is wielding a +0 flail.
The gnoll shouts!
You hit the gnoll.
Your tail-slap misses the gnoll.
The gnoll is heavily wounded.
The gnoll hits you with a +0 spear.
You thump the gnoll!
You kill the gnoll!
The gnoll closely misses you.
You hit the gnoll.
The gnoll is moderately wounded.
The gnoll hits you with a +0 club.
A goblin comes into view. It is wielding a +0 falchion.
The gnoll barely misses you. The gnoll closely misses you.
The gnoll hits you but does no damage.
You hit the gnoll.
The gnoll is severely wounded.
The gnoll hits you with a +0 club.
A gnoll comes into view. It is wielding a +4 halberd of venom.
The gnoll barely misses you.
You thump the gnoll!
You kill the gnoll!
The gnoll closely misses you.
You barely miss the goblin. The goblin hits you with a +0 falchion.
The gnoll hits you but does no damage.
You barely miss the goblin. You tail-slap the goblin.
The goblin is severely wounded.
The goblin closely misses you.
The gnoll hits you from afar with a +4 halberd of venom.
You are poisoned.
The gnoll closely misses you. The gnoll hits you but does no damage.
You are lethally poisoned!
The gnoll closely misses you. The goblin hits you with a +0 falchion.
* * * LOW HITPOINT WARNING * * *
You feel very sick. The goblin barely misses you.
You thump the goblin!
You kill the goblin!
You die...

#.#.....##.....)#....#...#......#
.....##.##.######.#..#.###.....~.
........##........##.#.# #....~..
_...........########.# #~~~.~.#
............#........# #.......
...#.######......# ..# #.#.....
####.# #......# ..# #..#.### #.#
#......# .# ##.#. ####.# #.....@#
.. # ## †....######....g)#
....(.........##)g...# #
################.###.# ≈ # #.. ≈
# .... # # ##### . # # #


You could see 2 gnolls.

Vanquished Creatures
  2 gnolls (D:2)
  2 adders (D:2)
  4 bats
  2 endoplasms (D:1)
  A giant cockroach (D:1)
  3 goblins
  3 hobgoblins
  2 kobolds
  A frilled lizard (D:2)
20 creatures vanquished.

Notes
Turn   | Place    | Note
-------+----------+-------------------------------------------
     0 | D:1      | RevDB the Draconian Conjurer began the quest for the Orb.
     0 | D:1      | Reached XP level 1. HP: 14/14 MP: 3/3
   105 | D:1      | Reached XP level 2. HP: 17/20 MP: 1/5
   110 | D:1      | Learned a level 2 spell: Searing Ray
   206 | D:1      | Found a faded altar of an unknown god.
   259 | D:1      | You fall into a shaft and drop 1 floor!
   332 | D:2      | Found a bloodstained altar of Trog.
   344 | D:2      | Reached skill level 1 in Fighting
   344 | D:2      | Reached skill level 1 in Staves
   344 | D:2      | Reached XP level 3. HP: 19/28 MP: 4/6
   432 | D:2      | Succumbed to a gnoll's poison

Illustrated notes

Levels and vault maps discovered:
D:1:      mrwooster_arrival_statue_3, layout_rooms,
          dreamdust_ecumenical_altar_angels_and_demons, minmay_cupped
D:2:      layout_basic, serial_rivers, chequers_serial_rivers_small_3,
          chequers_serial_rivers_micro_d, chequers_serial_rivers_micro_c,
          chequers_serial_rivers_small_3, basic_altar

Skill      XL: |  1  2 |
---------------+-------+-----
Fighting       | 1 |  1.8
Staves         | 1 |  1.6
Dodging        | |  1.7
Stealth        | |  1.7
Spellcasting   | |  2.0
Conjurations   | |  4.6

Action                   || total
-------------------------++-------
Melee: Dagger            ||    11
       Tailslap          ||     2
       Unarmed           ||     1
       Quarterstaff      ||    17
 Cast: Magic Dart        ||    24
Armor: Skin              ||    10
Dodge: Dodged            ||    26

Table legend: (Time is in decaauts)
 A = Elapsed time spent in this place.
 B = Non-inter-level travel time spent in this place.
 C = Inter-level travel time spent in this place.
 D = Time resting spent in this place.
 E = Time spent auto-exploring this place.
 F = Levels seen in this place.
 G = Mean time per level.
                   A        B        C        D        E       F      G
               +--------+--------+--------+--------+--------+-----+--------+
         Total |    436 |    436 |      0 |      0 |     23 |   2 |  218.0 |
       Dungeon |    436 |    436 |      0 |      0 |     23 |   2 |  218.0 |
               +--------+--------+--------+--------+--------+-----+--------+

Top non-repeatable levels by time:
     D:1: 258 daAuts
     D:2: 177 daAuts
